 Dungeon Crawl Stone Soup version 0.31.0-11-ge490571c62 (webtiles) character file.

Game seed: 240101579532113430

9 browni3141 the Firebug (level 2, -1/19 HPs)
             Began as a Demonspawn Fire Elementalist on Jan 30, 2024.
             Slain by a dart slug (3 damage)
             ... on level 1 of the Dungeon.
             The game lasted 00:00:24 (568 turns).

browni3141 the Firebug (DsFE)                        Turns: 568, Time: 00:00:24

Health: -1/19      AC:  2    Str:  8    XL:     2   Next: 3%
Magic:  5/5        EV: 12    Int: 15    God:
Gold:   28         SH:  0    Dex: 13    Spells: 4/5 levels left

rFire   . . .        (no weapon)
rCold   . . .        (no shield)
rNeg    . . .        a - +0 robe
rPois   .            (no helmet)
rElec   .            (no cloak)
rCorr   .            (no gloves)
SInv    .            (no boots)
Will    .....        (no amulet)
Stlth   ++           (no ring)
HPRegen 0.23/turn    (no ring)
MPRegen 0.09/turn

%: no passive effects
@: no status effects
A: demonic magic 1
a: no special abilities


You were on level 1 of the Dungeon.
You visited 1 branch of the dungeon, and saw 1 of its levels.

You collected 28 gold pieces.

Inventory:

Armour
 a - a +0 robe (worn)
Scrolls
 c - a scroll of identify {unknown}
 d - 2 scrolls of brand weapon {unknown}
 e - 2 scrolls of immolation {unknown}
Potions
 b - a potion of magic
 f - a potion of might {unknown}


   Skills:
 + Level 1.9 Dodging
 + Level 2.0 Stealth
 + Level 2.1 Spellcasting
 + Level 1.2 Conjurations
 + Level 2.8 Fire Magic


You had 4 spell levels left.
You knew the following spells:

 Your Spells              Type           Power      Damage    Failure   Level
a - Foxfire               Conj/Fire      28%        2x1d5     10%         1

Your spell library contained the following spells:

 Spells                   Type           Power      Damage    Failure   Level
 Scorch                   Fire           20%        2d5       11%         2
 Ensorcelled Hibernation  Hex/Ice        2%         N/A       32%         2
 Inner Flame              Hex/Fire       5%         N/A       36%         3
 Volatile Blastmotes      Fire/Tloc      10%        2d10      36%         3
 Passwall                 Erth           1%         N/A       54%         3
 Swiftness                Air            1%         N/A       54%         3
 Flame Wave               Conj/Fire      7%         2d5       67%         4


Dungeon Overview and Level Annotations

Branches:
Dungeon (1/15)

Altars:


Innate Abilities, Weirdness & Mutations

Spells you cast may paralyse adjacent enemies.


Message History

You conjure some foxfire!
The ball python closely misses you. x2
The foxfire hits the ball python.
You kill the ball python!
You see here a frilled lizard corpse.
You pick up a book of Burglary and begin reading...
You add the spells Ensorcelled Hibernation, Swiftness and Passwall to your library.
Things that are here:
a +0 dagger; 4 stones You see here a +0 robe.
You open the door.
There is an open door here.
You enter the shallow water.
Moving in this stuff is going to be slow.
You open the door.
There is an open door here.
e - 2 scrolls labelled TESEURGH AFRI
Found a stone staircase leading down.
You see here a +0 scale mail.
There is a stone staircase leading down here.
f - a glowing purple potion You open the door.
A kobold comes into view. It is wielding a +0 dagger.
A kobold is nearby!
A kobold is nearby!
A kobold is nearby!
A kobold is nearby!
You conjure some foxfire!
The foxfire hits the kobold.
The kobold is heavily wounded.
The kobold shouts!
The foxfire hits the kobold but does no damage.
The kobold is heavily wounded.
You conjure some foxfire!
The kobold barely misses you.
The foxfire hits the kobold.
You kill the kobold!
Your Stealth skill increases to level 2!
You have reached level 2!
Your demonic ancestry asserts itself...
A menacing aura infuses your magic.
A dart slug comes into view.
The foxfire hits the dart slug but does no damage.
You see here a +0 dagger.
You can't go up here!
A dart slug is nearby!
You conjure some foxfire!
Malevolent energies surge around you.
You are out of magic!
The foxfire hits the dart slug but does no damage.
The dart slug launches a dart at you. The slug dart hits you.
The dart slug bites you.
You hit the dart slug.
The dart slug is lightly wounded.
The dart slug launches a dart at you. The slug dart hits you.
The dart slug bites you. The dart slug launches a dart at you.
The slug dart hits you. The dart slug closely misses you.
The dart slug closely misses you.
The dart slug bites you but does no damage.
The dart slug launches a dart at you. The slug dart misses you.
The dart slug misses you. The dart slug misses you.
The dart slug launches a dart at you. The slug dart hits you.
The dart slug misses you.
The dart slug bites you but does no damage.
The dart slug launches a dart at you. The slug dart misses you.
The dart slug bites you. The dart slug closely misses you.
The dart slug briefly extends its eye-stalks.
The dart slug barely misses you. The dart slug bites you.
The dart slug misses you. The dart slug launches a dart at you.
The slug dart hits you. The dart slug bites you.
The dart slug launches a dart at you. The slug dart hits you.
The dart slug bites you but does no damage.
The dart slug launches a dart at you.
The slug dart hits you but does no damage.
The dart slug launches a dart at you. The slug dart misses you.
The dart slug launches a dart at you. The slug dart misses you.
The dart slug launches a dart at you. The slug dart misses you.
The dart slug closely misses you. The dart slug closely misses you.
The dart slug launches a dart at you. The slug dart hits you.
The dart slug launches a dart at you. The slug dart hits you.
The dart slug bites you. The dart slug bites you. The dart slug bites you.
You die...

##########
##........#
#.......#.#
#)#####.#.#
#.#...#.#.# ####
#.+.⌠.'.#.# #...
#.#...#.#.# #.##
#@#####.#.# #.##
#w........# #.##
#.#.#.###.# #.##
....#.. #.# #.##
..#.....#.#####.##
..........>......##
#..#.###.####.#####
#..#.# #.........##
#.# ########...#


You could see a dart slug.

Vanquished Creatures
  A ball python (D:1)
  2 endoplasms (D:1)
  2 bats (D:1)
  A frilled lizard (D:1)
  2 kobolds (D:1)
8 creatures vanquished.

Vanquished Creatures (others)
  17 foxfires (D:1)
17 creatures vanquished.

Grand Total: 25 creatures vanquished

Notes
Turn   | Place    | Note
-------+----------+-------------------------------------------
     0 | D:1      | browni3141 the Demonspawn Fire Elementalist began the quest
                  | for the Orb.
     0 | D:1      | Reached XP level 1. HP: 13/13 MP: 3/3
   515 | D:1      | Gained mutation: Spells you cast may paralyse adjacent
                  | enemies. [demonic ancestry]
   515 | D:1      | Reached XP level 2. HP: 19/19 MP: 1/5
   568 | D:1      | Slain by a dart slug

Illustrated notes

Levels and vault maps discovered:
D:1:      ncdulo_wetmaze, layout_basic, minmay_misc_feat_room, item_on_display_a

Skill      XL: |  1 |
---------------+----+-----
Stealth        | 2 |  2.0
Dodging        | |  1.9
Spellcasting   | |  2.1
Conjurations   | |  1.2
Fire Magic     | |  2.8

Action                     || total
---------------------------++-------
  Melee: Unarmed           ||     1
   Cast: Foxfire           ||    13
 Armour: Robe              ||    20
  Dodge: Dodged            ||    18
